 Dungeon Crawl Stone Soup version 0.22-a0-618-gd6a3efe (webtiles) character file.

50 Amnesiac the Magician (level 3, -1/24 HPs)
             Began as a Mummy Earth Elementalist on July 13, 2018.
             Was an Initiate of Dithmenos.
             Slain by a phantom (4 damage)
             ... on level 4 of the Dungeon.
             The game lasted 00:03:06 (1338 turns).

Amnesiac the Magician (Mummy Earth Elementalist)    Turns: 1338, Time: 00:03:07

Health: -1/24      AC:  4    Str: 11    XL:     3   Next: 55%
Magic:  5/7        EV: 11    Int: 15    God:    Dithmenos [......]
Gold:   119        SH:  0    Dex: 12    Spells: 4/7 levels left

rFire    x . .     SeeInvis .   a - +0 dagger (drain)
rCold    + . .     Gourm    .   (no shield)
rNeg     + + +     Faith    .   f - +0 troll leather armour
rPois    ∞         Spirit   .   (no helmet)
rElec    .         Reflect  .   (no cloak)
rCorr    .         Harm     .   (no gloves)
MR       .....                  (no boots)
Stlth    ++........             (no amulet)
HPRegen  0.48/turn              (no ring)
MPRegen  0.10/turn              (no ring)

@: very slightly contaminated
A: no food or potions, fire vulnerability, cold resistance 1, negative energy
resistance 3, torment resistance, unbreathing
a: Renounce Religion


You were on level 4 of the Dungeon.
You worshipped Dithmenos.
Dithmenos was noncommittal.
You were not hungry.

You visited 1 branch of the dungeon, and saw 4 of its levels.

You collected 119 gold pieces.

Inventory:

Hand Weapons
 a - a +0 dagger of draining (weapon)
Missiles
 b - 42 stones (quivered)
Armour
 f - a +0 troll leather armour (worn)
Wands
 g - a wand of iceblast (6)
Scrolls
 c - a scroll of enchant armour {!r, unknown}
 d - a scroll of amnesia {!r, unknown}
 e - 3 scrolls of identify {!r, unknown}
 h - a scroll of noise {!r, unknown}
 i - a scroll of teleportation {!r, unknown}


   Skills:
 - Level 2.0 Short Blades
 + Level 1.7 Dodging
 - Level 2.0 Stealth
 - Level 2.6 Spellcasting
 - Level 0.7 Transmutations
 - Level 2.6 Earth Magic


You had 4 spell levels left.
You knew the following spells:

 Your Spells              Type           Power        Failure   Level  Hunger
a - Sandblast             Erth           #.....       10%         1    N/A
b - Passwall              Tmut/Erth      #.......     21%         2    N/A

Your spell library contained the following spells:

 Spells                   Type           Power        Failure   Level  Hunger
 Stone Arrow              Conj/Erth      #.....       43%         3    N/A
 Lee's Rapid Deconstruct  Erth           #.........   95%         5    N/A
 Petrify                  Tmut/Erth      #.......     80%         4    N/A

Dungeon Overview and Level Annotations

Branches:
Dungeon (4/15)
 Temple: D:4-7

Altars:
Dithmenos


Innate Abilities, Weirdness & Mutations

You do not eat or drink.
Your flesh is vulnerable to fire.
You are immune to poison.
Your flesh is cold resistant. (rC+)
You are immune to negative energy. (rN+++)
You are immune to unholy pain and torment.
You can survive without breathing.


Message History

Things that are here:
a flail; an orc corpse HP restored.
Things that are here:
a falchion; a bubbling silvery potion {!q}
Things that are here:
a falchion; a leather armour
Things that are here:
a whip; a morningstar; a coppery potion {!q}
i - a scroll labeled GOARIG FUFYECK {!r}
Found a shadowy altar of Dithmenos.
There is a shadowy altar of Dithmenos here.
Unknown command.
Press < or > to pray at altars.
You kneel at the altar of Dithmenos.
Dithmenos welcomes you!
(D) Dungeon
Where to? (? - help)
What level of the Dungeon? (default 1, ? - help)
Things that are here:
a whip; a morningstar; a coppery potion {!q}
Things that are here:
a falchion; a leather armour
There is a stone staircase leading up here.
Things that are here:
a flail; an orc corpse You climb upwards.
The phantom hits you but does no damage.
The worm bites you!
There is a stone staircase leading down here.
The phantom hits you.
* * * LOW HITPOINT WARNING * * *
The worm misses you.
You climb downwards.
There is a stone staircase leading up here.
Things that are here:
a flail; an orc corpse You barely miss the worm.
The phantom closely misses you.
You hit the worm.
The worm is lightly wounded.
The phantom closely misses you. The worm closely misses you.
You hit the worm.
The worm is lightly wounded.
The phantom hits you.
* * * LOW HITPOINT WARNING * * *
The worm bites you but does no damage.
Casting: Passwall (safe; 21% risk of failure)
Confirm with . or Enter, or press ? or * to list all spells.
Aiming: Sandblast (safe; 10% risk of failure)
Press: ? - help, Shift-Dir - straight line, f - phantom
Aim: a phantom The blast of sand hits the phantom.
b - 42 stones The phantom hits you!
* * * LOW HITPOINT WARNING * * *
Casting: Sandblast (safe; 10% risk of failure)
Confirm with . or Enter, or press ? or * to list all spells.
Aiming: Sandblast (safe; 10% risk of failure)
Press: ? - help, Shift-Dir - straight line, f - worm, p - phantom
Aim: a worm (lightly wounded)
You miscast Sandblast.
You are very lightly contaminated with residual magic.
Nothing appears to happen.
The phantom hits you.
You die...

#..W....# #.......#
### #.......### ..#
##......§..# ..#.
..........#.# ...
###.......#.# ..####
#.......#.# .....#
#########.#
..##.#########.W@w.#
...#.##.....##.#####
.#.#.##.....##.#
.#...##.....##.###
####.##.....##...##
.#...##...........#
.#...)))#.#.......#
...####.#.#.......#
#.## #.#.........#


You could see a phantom and a worm.

Vanquished Creatures
  An adder (D:4)
  A worm (D:4)
  2 dart slugs
  5 orcs (D:4)
  A giant cockroach (D:3)
  5 goblins
  2 hobgoblins (D:2)
  4 kobolds
  2 quokkas (D:2)
  A ball python (D:3)
  A frilled lizard (D:2)
  4 rats
29 creatures vanquished.

Notes
Turn   | Place    | Note
-------+----------+-------------------------------------------
     0 | D:1      | Amnesiac the Mummy Earth Elementalist began the quest for the Orb.
     0 | D:1      | Reached XP level 1. HP: 13/13 MP: 4/4
   246 | D:2      | Reached skill level 1 in Short Blades
   254 | D:2      | Reached XP level 2. HP: 4/19 MP: 1/5
   288 | D:2      | Learned a level 2 spell: Passwall
  1084 | D:4      | Noticed a phantom
  1116 | D:4      | Reached XP level 3. HP: 18/24 MP: 0/7
  1290 | D:4      | Found a shadowy altar of Dithmenos.
  1298 | D:4      | Became a worshipper of Dithmenos the Shadowed
  1338 | D:4      | Slain by a phantom

Vault maps used:
D:1:      tarquinn_simple_flora_water_b, minmay_misc_feat_chi
D:2:      grunt_temple_overflow_open, elyvilon_altar_5
D:4:      cheibrodos_thug_alley, vehumet_altar_wand_db, lemuel_crystal_altar,
          minmay_temple_entry_statues_pillars, first_ration,
          nicolae_dithmenos_shadow_blocks

Skill      XL: |  1  2  3 |
---------------+----------+-----
Short Blades   | 1 2 |  2.0
Stealth        | 2 |  2.0
Dodging        | |  1.7
Spellcasting   | |  2.6
Transmutations | |  0.7
Earth Magic    | |  2.6

Action                   || total
-------------------------++-------
Melee: Dagger            ||   104
 Cast: Sandblast         ||    12
       Passwall          ||     1
 Stab: Sleeping          ||     2
Armor: Robe              ||     7
       Troll leather arm ||    12
Dodge: Dodged            ||    48

Table legend:
 A = Spawn XP
 B = Non-spawn XP
 C = Spawn XP percentage of total XP
 D = Spawn monster count
 E = Non-spawn monster count
 F = Spawn count percentage of total count
 G = Total turns spent on level
                    A         B        C        D         E        F      G
               +---------+---------+-------+---------+---------+-------+---------
         Total |       0 |      72 |   0.0 |       0 |      29 |   0.0 |  1338
               +---------+---------+-------+---------+---------+-------+---------
           D:1 |       0 |       8 |   0.0 |       0 |       3 |   0.0 |   227
           D:2 |       0 |      21 |   0.0 |       0 |      12 |   0.0 |   546
           D:3 |       0 |      10 |   0.0 |       0 |       7 |   0.0 |   278
           D:4 |       0 |      33 |   0.0 |       0 |       7 |   0.0 |   287
               +---------+---------+-------+---------+---------+-------+---------
